 Dungeon Crawl Stone Soup version 0.17.2-1-ge4368a0 (webtiles) character file.

109 rlgrobin the Insei (level 4, 0/35 HPs)
             Began as a Mummy Monk on May 2, 2017.
             Slain by a gnoll
             ... wielding a +0 club
              (3 damage)
             ... on level 3 of the Dungeon.
             The game lasted 00:02:58 (3333 turns).

rlgrobin the Insei (Mummy Monk)                     Turns: 3333, Time: 00:02:58

Health: 0/35       AC:  1    Str: 14    XL:     4   Next: 60%
Magic:  4/4        EV: 13    Int:  9    God:
Gold:   131        SH:  0    Dex: 15    Spells: 0 memorised, 3 levels left

rFire  x . .     SeeInvis +       - Unarmed
rCold  + . .     Clarity  .     (no armour)
rNeg   + + +     SustAt   .     (no shield)
rPois  ∞         Gourm    .     (no helmet)
rElec  .         Spirit   .     (no cloak)
rCorr  .         Warding  .     c - +0 pair of gloves
rMut   .         Stasis   .     (no boots)
MR     .....                    (no amulet)
Stlth  ++........               i - ring of see invisible
                                (no ring)

@: not resistant to hostile enchantments, unstealthy
A: no food or potions, fire vulnerability, cold resistance 1, negative energy
resistance 3, torment resistance, unbreathing
a: no special abilities


You were on level 3 of the Dungeon.
You were not hungry.

You visited 1 branch of the dungeon, and saw 3 of its levels.

You collected 131 gold pieces.


Innate Abilities, Weirdness & Mutations

You do not eat or drink.
Your flesh is vulnerable to fire.
You are immune to poison.
Your flesh is cold resistant.
You are immune to negative energy.
You are immune to unholy pain and torment.
You can survive without breathing.


   Skills:
 + Level 3.0 Fighting
 - Level 2.4 Dodging
 - Level 1.5 Stealth
 - Level 5.0 Unarmed Combat


You had 3 spell levels left.
You didn't know any spells.

Inventory:

Armour
 c - a +0 pair of gloves (worn)
Jewellery
 i - a ring of see invisible (right hand)
Scrolls
 a - 3 scrolls of identify {@r1}
 b - 2 scrolls of amnesia
 d - a scroll of blinking
 e - a scroll of enchant weapon
 f - a scroll of teleportation {@r4}
 g - 2 scrolls of remove curse
 h - a scroll of fog

Dungeon Overview and Level Annotations

Branches:
Dungeon (3/15)

Altars:

▒.▒ ▒.▒.÷÷.▒.▒ ▒.▒ ▒.▒<.).▒.▒
▒.▒▒▒▒▒▒▒▒▒▒▒▒ ▒.▒....▒.▒
▒............▒ ▒.▒..▒.▒.▒
▒▒▒▒▒▒▒▒.....▒ ▒.▒..▒.▒.▒ ▒.....▒
▒.▒....▒.▒ ▒.....▒ ▒.▒▒.▒▒▒.▒
▒▒▒▒▒.....▒▒▒▒▒▒▒▒.▒▒.▒▒▒.▒▒▒▒
.............gM...............>
▒▒▒▒▒▒▒▒▒.▒▒▒▒▒.▒▒▒.▒▒.▒.▒.▒▒▒▒
▒▒▒▒▒▒▒▒▒▒▒'▒▒▒▒▒.▒▒▒....▒.▒...▒
................▒.▒▒.....!.▒▒▒'▒▒
..▒▒▒▒▒▒▒..........▒.†.|.........
▒.........▒..▒....)........
▒.▒.....<....▒.....).[.....
▒.▒▒.........▒.............
▒.▒▒.▒+▒▒▒...▒.............


You could see a gnoll.


Message History

* * * don't die
* * * You take 5 damage, and have 11/35 hp!
The bat hits you! * * * don't die
* * * The bat hits you but does no damage!
The bat hits you! * * * don't die
* * * You take 1 damage, and have 10/35 hp!
The bat barely misses you! The bat closely misses you!
You barely miss the bat! The bat completely misses you!
The bat closely misses you!
You beat the bat into a bloody pulp!
You annihilate the bat!!!
You beat the gnoll into a bloody pulp!
The gnoll is moderately wounded!
The gnoll barely misses you!
You closely miss the gnoll!
The gnoll is moderately wounded!
The gnoll barely misses you!
You pummel the gnoll like a punching bag!
The gnoll is heavily wounded!
You pummel the gnoll like a punching bag!
The gnoll is almost dead!
The gnoll hits you with a club!!! * * * don't die
* * * You take 8 damage, and have 3/35 hp!
MASSIVE DAMAGE!!!!!!
You beat the gnoll into a bloody pulp!
The gnoll is almost dead!
The gnoll hits you with a club! rip

Action                   |  1- 3 |  4- 6 || total
-------------------------+-------+-------++-------
Melee: Unarmed           |   157 |    97 ||   254
  Use: Scroll            |     1 |     5 ||     6
 Stab: Sleeping          |     5 |       ||     5
       Distracted        |     1 |       ||     1

Vault maps used:
D:1:      ncdulo_wetmaze
D:3:      lemuel_crystal_altar, first_bread, minmay_misc_feat_enclosed

Notes
Turn   | Place    | Note
--------------------------------------------------------------
     0 | D:1      | rlgrobin the Mummy Monk began the quest for the Orb.
     0 | D:1      | Reached XP level 1. HP: 18/18 MP: 1/1
   450 | D:1      | Reached XP level 2. HP: 21/24 MP: 2/2
   861 | D:1      | Reached skill level 4 in Unarmed Combat
  1317 | D:1      | Reached XP level 3. HP: 27/29 MP: 3/3
  2124 | D:2      | Reached XP level 4. HP: 27/35 MP: 4/4
  3299 | D:3      | Reached skill level 5 in Unarmed Combat
  3332 | D:3      | HP: 3/35 [gnoll/club (8)]
  3333 | D:3      | Slain by a gnoll

Vanquished Creatures
  4 adders (D:2)
  A gnoll (D:3)
  A worm (D:2)
  2 giant geckos
  An orc (D:1)
  2 giant cockroaches
  10 goblins
  5 hobgoblins
  5 jackals (D:1)
  A ball python (D:3)
  11 bats
  6 giant newts
  6 kobolds
  9 rats
64 creatures vanquished.
